 Dungeon Crawl Stone Soup version 0.32-a0-786-g3ef9c6c (webtiles) character file.

Game seed: 12690511673675141080

1017 Dorkslayer the Sneak (level 8, -3/54 HPs)
             Began as an Octopode Fighter on Mar 19, 2024.
             Was a Follower of Okawaru.
             Slain by a killer bee (8 damage)
             ... on level 5 of the Dungeon.
             The game lasted 00:09:07 (3135 turns).

Dorkslayer the Sneak (Octopode Fighter)             Turns: 3135, Time: 00:09:08

Health: -3/54      AC:  5    Str: 18    XL:     8   Next: 22%
Magic:  9/9        EV: 12    Int: 10    God:    Okawaru [*.....]
Gold:   41         SH:  4    Dex: 11    Spells: 7/7 levels left

rFire   . . .        a - +0 war axe (chaos)
rCold   . . .        b - +0 buckler
rNeg    . . .        (helmet restricted)
rPois   .            (no amulet)
rElec   .            n - ring of flight
rCorr   .            o - +4 ring of protection
SInv    .            (no ring)
Will    .....        (no ring)
Stlth   ++++         (no ring)
HPRegen 0.29/turn    (no ring)
MPRegen 0.11/turn    (no ring)
                     (no ring)

%: no passive effects
@: mighty, lethally poisoned (-3 -> -9), flying
A: almost no armour, amphibious, 8 rings, camouflage 1, gelatinous body 1,
(nimble swimmer 1), tentacles
a: Renounce Religion, Heroism


You were on level 5 of the Dungeon.
You worshipped Okawaru.
Okawaru was aware of your devotion.
You visited 2 branches of the dungeon, and saw 6 of its levels.

You collected 161 gold pieces.
You spent 120 gold pieces at shops.

Inventory:

Hand Weapons
 a - a +0 war axe of chaos (weapon)
Missiles
 l - 5 boomerangs (quivered)
Armour
 b - a +0 buckler (worn)
Jewellery
 c - a ring of fire
 h - a ring of fire
 n - a ring of flight (left tentacle)
 o - a +4 ring of protection (right tentacle)
Talismans
 j - a maw talisman
Wands
 g - a wand of polymorph (6)
 p - a wand of mindburst (1)
Scrolls
 i - 2 scrolls of enchant armour
 k - a scroll of teleportation
 r - a scroll of immolation
Potions
 d - a potion of magic
 e - a potion of curing


   Skills:
 * Level 3.9 Fighting
 + Level 4.8 Axes
 * Level 1.5 Throwing
 * Level 4.0 Dodging
 * Level 6.6 Stealth
 * Level 3.9 Shields
 * Level 1.9 Invocations
 * Level 3.0 Evocations
 * Level 1.9 Shapeshifting


You had 7 spell levels left.
You didn't know any spells.
Your spell library contained the following spells:

 Spells                   Type           Power      Damage    Failure   Level
 Apportation              Tloc           0%         N/A       43%         1
 Ensorcelled Hibernation  Hex/Ice        0%         N/A       58%         2
 Jinxbite                 Hex            0%         N/A       58%         2
 Passwall                 Erth           0%         N/A       82%         3
 Swiftness                Air            0%         N/A       82%         3
 Alistair's Intoxication  Alch           0%         N/A       100%        5
 Orb of Destruction       Conj           0%         9d5       100%        7
 Summon Blazeheart Golem  Fire/Summ      Unusable   N/A       N/A         4
 Spellforged Servitor     Conj/Summ      Unusable   N/A       N/A         7

Dungeon Overview and Level Annotations

Branches:
Dungeon (5/15)             Temple (1/1) D:4

Altars:
Ashenzari
Dithmenos
Fedhas
Gozag
Hepliaklqana
Kikubaaqudgha
Okawaru
Qazlal
Vehumet
Wu Jian
Xom
Zin

Shops:
D:5 **


Innate Abilities, Weirdness & Mutations

You cannot wear most types of armour.
You are amphibious.
You can wear up to eight rings at the same time.
Your skin changes colour to match your surroundings (Stealth+).
Your rubbery body absorbs attacks. (AC +1, EV +1)
((You are camouflaged when in or above water. (Stealth+)))
You have tentacles for arms and can constrict up to eight enemies at once.


Message History

The killer bee misses you.
You closely miss the killer bee. Your grab misses the killer bee.
Your squeeze misses the killer bee. The killer bee stings you.
* * * LOW HITPOINT WARNING * * *
The killer bee stings you but does no damage.
You feel better. The killer bee stings you.
* * * LOW HITPOINT WARNING * * *
You block the killer bee's attack.
You miss the killer bee. Your grab misses the killer bee.
The killer bee misses you. The killer bee closely misses you.
You block the killer bee's attack.
You barely miss the killer bee. Your grab misses the killer bee.
The killer bee misses you. You block the killer bee's attack.
You slice the killer bee!! You freeze the killer bee.
You kill the killer bee!
Okawaru accepts your kill. You block the killer bee's attack.
A white imp comes into view.
The killer bee stings you.
* * * LOW HITPOINT WARNING * * *
Your Dodging skill increases to level 4!
Your Evocations skill increases to level 3!
Aiming: Mindburst
Press: ? - help, Shift-Dir - straight line, f - killer bee
Aim: a killer bee (chance to affect: 82%)
The killer bee barely resists.
You block the killer bee's attack. The killer bee stings you.
* * * LOW HITPOINT WARNING * * *
You are poisoned.
The killer bee poisons you!
Aiming: Mindburst
Press: ? - help, Shift-Dir - straight line, f/p - killer bee
Aim: a killer bee (chance to affect: 82%)
The killer bee's mind is blasted!
* * * LOW HITPOINT WARNING * * *
You feel very sick. The killer bee stings you.
* * * LOW HITPOINT WARNING * * *
The killer bee stings you!
You die...

..## ## ...##
[.. ##....
yy####...#
....... #...#
#5.# ##y# ##@###
.######....####.
...............#
.........#######
..#....##....# .
##......####
...##....##
##.........##
##.####..##..##
###


You could see a killer bee and a white imp.

Vanquished Creatures
  A wyvern (D:5)
  A black bear (D:5)
  The ghost of cpf86 the Vexing, an amateur CoHs (D:3)
  A scorpion (D:5)
  4 killer bees (D:5)
  A howler monkey (D:4)
  2 jellies (D:5)
  A bombardier beetle (D:3)
  2 hounds
  Natasha (thrice) (D:3)
  An orc wizard (D:4)
  2 scorpion simulacra (D:3)
  8 adders
  A dart slug (D:3)
  4 orcs
  2 ball pythons
  A bat (D:1)
  9 endoplasms
  4 giant cockroaches
  5 goblins
  8 hobgoblins
  8 jackals
  6 kobolds
  3 quokkas
  2 ball python simulacra (D:3)
  5 frilled lizards
  8 rats
94 creatures vanquished.

Notes
Turn   | Place    | Note
-------+----------+-------------------------------------------
     0 | D:1      | Dorkslayer the Octopode Fighter began the quest for the
                  | Orb.
     0 | D:1      | Reached XP level 1. HP: 16/16 MP: 1/1
    12 | D:1      | Found a faded altar of an unknown god.
   141 | D:1      | Reached XP level 2. HP: 21/21 MP: 2/2
   168 | D:1      | Reached skill level 1 in Stealth
   373 | D:1      | Reached XP level 3. HP: 16/26 MP: 3/3
   602 | D:2      | Reached skill level 2 in Stealth
   908 | D:2      | Reached XP level 4. HP: 27/31 MP: 4/4
  1136 | D:3      | Found a runed translucent gate.
  1137 | D:3      | Found a runed translucent gate.
  1138 | D:3      | Found a runed translucent gate.
  1155 | D:3      | Reached skill level 3 in Stealth
  1205 | D:3      | Noticed cpf86's ghost (amateur CoHs)
  1469 | D:3      | Noticed Natasha
  1476 | D:3      | Killed Natasha
  1477 | D:3      | Reached skill level 4 in Stealth
  1477 | D:3      | Reached XP level 5. HP: 36/36 MP: 5/5
  1508 | D:3      | Reached skill level 1 in Evocations
  1695 | D:3      | Noticed Natasha
  1699 | D:3      | Killed Natasha
  1761 | D:3      | Noticed Natasha
  1769 | D:3      | Killed Natasha
  1793 | D:3      | Killed cpf86's ghost
  1794 | D:3      | Reached XP level 6. HP: 42/42 MP: 6/6
  1798 | D:3      | Reached skill level 5 in Stealth
  1891 | D:4      | Found a staircase to the Ecumenical Temple.
  1902 | Temple   | Entered the Ecumenical Temple
  1909 | Temple   | Became a worshipper of Warmaster Okawaru
  1998 | D:4      | Reached skill level 1 in Shapeshifting
  2213 | D:4      | Found a glowing silver altar of Zin.
  2213 | D:4      | Found a hazy altar of Hepliaklqana.
  2226 | D:4      | Reached XP level 7. HP: 46/46 MP: 7/7
  2242 | D:4      | Found a radiant altar of Vehumet.
  2617 | D:5      | Entered Level 5 of the Dungeon
  2695 | D:5      | Found Xagel's General Store.
  2699 | D:5      | Found Irieg's Specific Store.
  2708 | D:5      | Reached skill level 1 in Invocations
  2726 | D:5      | Bought a scroll of identify for 30 gold pieces
  2726 | D:5      | Bought a scroll of identify for 30 gold pieces
  2726 | D:5      | Bought a scroll of immolation for 60 gold pieces
  2808 | D:5      | Reached * piety under Okawaru
  2842 | D:5      | Noticed a wyvern
  2846 | D:5      | Killed a wyvern
  2847 | D:5      | Reached skill level 1 in Throwing
  2847 | D:5      | Reached skill level 6 in Stealth
  3120 | D:5      | Reached XP level 8. HP: 37/54 MP: 9/9
  3135 | D:5      | Slain by a killer bee

Illustrated notes

Levels and vault maps discovered:
D:1:      giann_horns, layout_rooms, ebering_ecumenical_altar_webs
D:2:      layout_basic
D:3:      layout_loops_ring, gammafunk_ghost_icy, uniq_natasha
D:4:      layout_gridville, mainiacjoe_overflow_catwalk,
          mainiacjoe_overflow_divided_tiny, minmay_temple_entry_glassed_door
D:5:      layout_layer_cave, nicolae_specific_store,
          nicolae_concentric_dashed_squares_mild
Temple:   nicolae_temple_cloud_nine

Skill      XL: |  1  2  3  4  5  6  7  8 |
---------------+-------------------------+-----
Stealth        | 1 2 4 5 6 |  6.6
Axes           | 3 4 |  4.8
Evocations     | 1 2 3 |  3.0
Shapeshifting  | 1 |  1.9
Invocations    | 1 |  1.9
Throwing       | 1 |  1.5
Dodging        | 4 |  4.0
Fighting       | |  3.9
Shields        | |  3.9

Action                     |  1- 3 |  4- 6 |  7- 9 || total
---------------------------+-------+-------+-------++-------
  Melee: War axe           |    54 |    62 |    32 ||   148
         Constrict         |    14 |    18 |     3 ||    35
         Tentacles         |     6 |    12 |     6 ||    24
  Throw: Boomerang         |       |     2 |       ||     2
  Evoke: Wand              |       |       |     3 ||     3
    Use: Scroll            |     3 |     3 |     3 ||     9
         Potion            |       |     1 |     3 ||     4
   Stab: Sleeping          |    10 |     6 |     5 ||    21
 Armour: Skin              |    19 |    21 |    29 ||    69
  Dodge: Dodged            |    31 |    19 |    20 ||    70
  Block: Buckler           |     5 |     9 |    10 ||    24

Table legend: (Time is in decaauts)
 A = Elapsed time spent in this place.
 B = Non-inter-level travel time spent in this place.
 C = Inter-level travel time spent in this place.
 D = Time resting spent in this place.
 E = Time spent auto-exploring this place.
 F = Levels seen in this place.
 G = Mean time per level.
                   A        B        C        D        E       F      G
               +--------+--------+--------+--------+--------+-----+--------+
         Total |   3189 |   3189 |      0 |      0 |   1659 |   6 |  531.5 |
       Dungeon |   3174 |   3174 |      0 |      0 |   1659 |   5 |  634.8 |
        Temple |     14 |     14 |      0 |      0 |      0 |   1 |   14.0 |
               +--------+--------+--------+--------+--------+-----+--------+

Top non-repeatable levels by time:
     D:3: 792 daAuts
     D:4: 741 daAuts
     D:2: 641 daAuts
     D:5: 525 daAuts
     D:1: 472 daAuts
  Temple: 14 daAuts
